 Dungeon Crawl Stone Soup version 0.25-a0-829-g4e6a552925 (webtiles) character file.

Game seed: 13002337759223572552, levelgen mode: deterministic

40 Maedhros the Charlatan (level 3, 0/23 HPs)
             Began as an Octopode Artificer on Apr 21, 2020.
             Was a Follower of Dithmenos.
             Succumbed to a goblin's poison
             ... on level 2 of the Dungeon.
             The game lasted 00:00:55 (554 turns).

Maedhros the Charlatan (Octopode Artificer)          Turns: 554, Time: 00:00:56

Health: 0/23       AC:  1    Str: 11    XL:     3   Next: 50%
Magic:  5/5        EV: 13    Int: 13    God:    Dithmenos [*.....]
Gold:   46         SH:  0    Dex: 13    Spells: 2/2 levels left

rFire    . . .     SeeInvis .   a - +0 short sword
rCold    . . .     Gourm    .   (no shield)
rNeg     . . .     Faith    .   (helmet restricted)
rPois    .         Spirit   .   (no amulet)
rElec    .         Reflect  .   g - ring of stealth
rCorr    .         Harm     .   (no ring)
MR       .....                  (no ring)
Stlth    +++++.....             (no ring)
HPRegen  0.07/turn              (no ring)
MPRegen  0.09/turn              (no ring)
                                (no ring)
                                (no ring)

@: brilliant, lethally poisoned (0 -> -3), flying, wreathed by umbra
A: almost no armour, stealthy swim, amphibious, 8 rings, constrict 8, camouflage
1, gelatinous body 1
a: Renounce Religion


You were on level 2 of the Dungeon.
You worshipped Dithmenos.
Dithmenos was aware of your devotion.
You were not hungry.

You visited 1 branch of the dungeon, and saw 2 of its levels.

You collected 46 gold pieces.

Inventory:

Hand Weapons
 a - a +0 short sword (weapon)
Jewellery
 g - a ring of stealth (left tentacle)
 i - an uncursed amulet of the gourmand {unknown}
Wands
 b - a wand of flame (14)
 c - a wand of enslavement (15)
 d - a wand of random effects (15)
Scrolls
 h - a scroll of identify {unknown}
Comestibles
 f - a ration


   Skills:
 - Level 1.0 Fighting
 - Level 1.0 Short Blades
 - Level 2.0 Dodging
 + Level 2.5 Stealth
 * Level 2.1 Unarmed Combat
 + Level 3.7 Evocations


You had 2 spell levels left.
You didn't know any spells.
Your spell library was empty.

Dungeon Overview and Level Annotations

Branches:
Dungeon (2/15)

Altars:
Dithmenos
Okawaru
Wu Jian
Yredelemnul
The Shining One


Innate Abilities, Weirdness & Mutations

You cannot wear most types of armour.
You are very stealthy in the water. (Stealth+)
You are amphibious.
You can wear up to eight rings at the same time.
You can use your tentacles to constrict eight enemies at once.
Your skin changes colour to match your surroundings (Stealth+).
Your rubbery body absorbs attacks. (AC +1, EV +1)


Message History

You feel sick.
Evoke which item? (* to show all) (? for menu, Esc to quit)
Aiming: Throw Flame
Press: ? - help, Shift-Dir - straight line, f - rat
Aim: a rat The puff of flame hits the rat.
You kill the rat!
Dithmenos accepts your kill.
* * * LOW HITPOINT WARNING * * *
You feel sick.
Found 12 gold pieces.
You see here a giant cockroach corpse.
Found a chain mail.
* * * LOW HITPOINT WARNING * * *
You feel sick.
You see here a potion of brilliance.
Found a runed rapier.
* * * LOW HITPOINT WARNING * * *
You feel sick.
You die...

....#..#...###..##...##..###
......##.....##.........##
.....###......####...####
.................##_## ##.......#
..................####.##.....).#
........)..........)... #........
(....(.(†..!..........# .....).
...).....##.......# .....
.........##....$@.# ...
.........##...#...# ###.##..
........###....[#.... #..<..r.
........#.....###.##.# #....!..
..........#.... .. # #.........
..........#..... ... ##........
.. #...## #... ##.....## ## ..#
#.....# .######


There were no monsters in sight!

Vanquished Creatures
  An adder (D:2)
  A leopard gecko (D:1)
  3 giant cockroaches
  6 goblins
  3 hobgoblins
  3 bats (D:1)
  6 frilled lizards
  3 kobolds
  4 rats
30 creatures vanquished.

Notes
Turn   | Place    | Note
-------+----------+-------------------------------------------
     0 | D:1      | Maedhros the Octopode Artificer began the quest for the
                  | Orb.
     0 | D:1      | Reached XP level 1. HP: 13/13 MP: 3/3
    67 | D:1      | Reached skill level 1 in Unarmed Combat
    67 | D:1      | Reached XP level 2. HP: 13/18 MP: 4/4
   363 | D:2      | Reached XP level 3. HP: 18/23 MP: 5/5
   412 | D:2      | Found a faded altar of an unknown god.
   412 | D:2      | Found an ornate altar of the Wu Jian Council.
   421 | D:2      | Found a faded altar of an unknown god.
   423 | D:2      | Found a basalt altar of Yredelemnul.
   425 | D:2      | Found an iron altar of Okawaru.
   442 | D:2      | Became a worshipper of Dithmenos the Shadowed
   442 | D:2      | Reached * piety under Dithmenos
   500 | D:2      | Found a glowing golden altar of the Shining One.
   551 | D:2      | HP: 1/23 [poisoned by a goblin]
   554 | D:2      | Succumbed to a goblin's poison

Levels and vault maps discovered:
D:1:      denvon_arrival_planthouse, layout_rooms
D:2:      layout_rooms, chequers_temple_overflow_minitemple, tso_metal_star,
          minmay_octomino_c4

Skill      XL: |  1  2  3 |
---------------+----------+-----
Unarmed Combat | 1 2 |  2.1
Stealth        | 2 |  2.5
Fighting       | |  1.0
Short Blades   | |  1.0
Dodging        | |  2.0
Evocations     | |  3.7

Action                   || total
-------------------------++-------
Melee: Short sword       ||    54
       Constrict         ||    14
       Tentacles         ||     8
       Punch             ||     1
Evoke: Wand              ||     1
  Use: Potion            ||     2
 Stab: Sleeping          ||     8
Armor: Skin              ||     2
Dodge: Dodged            ||    44

Table legend:
 A = Non-vault XP
 B = Vault XP
 C = Vault XP percentage of total XP
 D = Non-vault monster count
 E = Vault monster count
 F = Vault count percentage of total count
                 A         B        C        D         E       F
            +---------+---------+-------+---------+---------+-------
      Total |      58 |       0 |   0.0 |      30 |       0 |   0.0
            +---------+---------+-------+---------+---------+-------
        D:1 |      33 |       0 |   0.0 |      20 |       0 |   0.0
        D:2 |      25 |       0 |   0.0 |      10 |       0 |   0.0
            +---------+---------+-------+---------+---------+-------
